 BcadrenCrawl: Boulder Brew version 0.06-688-g08e91b2d95 (webtiles) character file.

Game seed: 10450954977703463334

416 Leeroy the Archer (level 6, -4/64 HPs) Tengu Centaur. Began on Jan 29, 2023. Was an Initiate of Okawaru. Slain by a water moccasin (11 damage) ... on level 2 of the Dungeon. The game lasted 00:04:04 (2145 turns).

Leeroy the Archer (Tengu Centaur)                   Turns: 2145, Time: 00:04:04

Health: -4/64      AC:  7    Str: 17    XL:     6 ^: 138
Magic:  7/7        EV: 12    Int: 17    God:    Okawaru [0* [23]]
Gold:   123        SH:  0    Dex: 11    Spells: 5/5 levels left

rFire    . . .     Slash    x   h - +2 dagger (protect)
rCold    . . .     Pierce   .   o - +1 trident (vamp)
rNeg     . . .     Bludgeon .   c - +0 leather armour
rCorr    . . .     Vision   .   (helmet restricted)
rPois    .         Gourm    .   (no cloak)
rElec    .         Faith    .   (no gloves)
MR       .....     Spirit   .   (no barding)
HPRegen  0.31/turn Reflect  .   (no amulet)
MPRegen  0.17/turn Harm     .   e - ring of intelligence
Stlth    +.........             l - ring of wizardry

@: lethally poisoned (-4 -> -62), flying quickly and evasively, very quick
A: large, beak, hippogriff form, talons, deformed body 1, speed 2, tengu flight,
soft flesh, AC +3
a: Stop Flying, Renounce Religion


You were on level 2 of the Dungeon.
You worshipped Okawaru.
Okawaru was noncommittal.
You were not hungry.

You visited 1 branch of the dungeon, and saw 2 of its levels.

You collected 123 gold pieces.

Inventory:

Weapons
 a - a +0 shortbow
 b - a +0 short sword
 h - a +2 dagger of protection (weapon)
 o - a +1 vampiric trident (weapon)
Armour
 c - a +0 leather armour (worn)
Jewellery
 e - a ring of intelligence (left hand)
 f - a cursed ring of intelligence {(Curse: rF-)}
 g - a cursed amulet of harm {(Curse: Stlth-)}
 l - a ring of wizardry (right hand)
 n - an uncursed ring of intelligence
 r - an uncursed ring of positive energy
 s - a cursed ring of dexterity {(Curse: rF-)}
Scrolls
 i - 3 scrolls of fear
 j - a scroll of enchantment
 k - a scroll of fog
 p - a scroll of bless item
Potions
 m - 2 potions of curing
 q - a potion of agility
Comestibles
 d - 4 rations


   Skills:
 - Level 2.0 Fighting
 + Level 10.7 Bows
 - Level 2.1 Dodging
 - Level 1.0 Stealth


You had 5 spell levels left.
You didn't know any spells.
Your spell library was empty.

Dungeon Overview and Level Annotations

Branches:
Dungeon (2/8)

Altars:
Kikubaaqudgha
Okawaru
Uskayaw
Vehumet


Innate Abilities, Weirdness & Mutations

Your horsehide is resilient. (AC +3)
You have a beak for a mouth.
You have a hippogriff-like bottom half; talons in the front, hooves in the back.
Armour fits poorly on your strangely shaped body.
You cover ground very quickly.
You can fly continuously.
Your speed and evasion are boosted while flying.
Your soft flesh is weak to deep cuts.
Heavy manmade armour will nullify this weakness. (rSlashing-)


Message History

The water moccasin is lightly wounded. (25/28) HP You feel very sick. (6)
The water moccasin bites you (3).
You are more poisoned.
The water moccasin poisons you (11)! The water moccasin barely misses you.
The water moccasin bites you (1).
You are more poisoned.
The water moccasin poisons you (18)!!
You hit the water moccasin (1).
It resists.
You hit the water moccasin but do no damage.
Your kick misses the water moccasin.
The water moccasin is lightly wounded. (24/28) HP
* * * LOW HITPOINT WARNING * * *; You feel extremely sick. (11)
The water moccasin barely misses you. The water moccasin bites you (1).
* * * LOW HITPOINT WARNING * * *
You are more poisoned.
The water moccasin poisons you (20)!! The water moccasin bites you (4).
* * * LOW HITPOINT WARNING * * *
The water moccasin bites you (11)!
You die...

≈b≈## #PP≈≈≈≈# ....#
#P≈≈≈≈≈# ....#
#P≈≈≈≈≈# ....#
#...≈P.# ...≈#
#.≈....# ...##
#.≈≈≈≈.# .≈##
#.≈≈≈≈.# ...#
#.≈≈≈≈S# ....
#.≈≈≈≈@# #≈≈≈≈≈.#
#≈≈≈≈≈≈# #≈≈≈≈≈≈#
#≈≈≈≈≈≈# #≈≈≈≈≈≈#
#≈≈≈≈≈≈# #≈≈≈≈≈.##
###########≈≈b≈.≈.##


You could see a water moccasin.

Vanquished Creatures
  A water moccasin (D:2)
  2 big kobolds (D:2)
  A jelly (D:2)
  5 giant cockroaches
  A cinder newt (D:2)
  A worm (D:2)
  A dart slug (D:1)
  2 leopard geckos
  3 ball pythons
  11 bats (D:1)
  4 goblins (D:1)
  6 hobgoblins (D:1)
  12 kobolds
  2 bat skeletons (D:2)
  A goblin skeleton (D:2)
  An orc skeleton (D:2)
  9 rats
  A rat skeleton (D:2)
64 creatures vanquished.

Vanquished Creatures (others)
  A ball python skeleton (D:2)
  A slimehead (D:2)
  30 withered plants (D:2)
32 creatures vanquished.

Grand Total: 96 creatures vanquished

Notes
Turn   | Place    | Note
-------+----------+-------------------------------------------
     0 | D:1      | Leeroy the Tengu Centaur began the quest for the Orb.
     0 | D:1      | Reached XP level 1. HP: 24/24 MP: 2/2
    29 | D:1      | Reached skill level 5 in Bows
    78 | D:1      | Reached XP level 2. HP: 32/32 MP: 3/3
   412 | D:1      | Reached skill level 6 in Bows
   447 | D:1      | Reached XP level 3. HP: 40/40 MP: 4/4
   567 | D:1      | Reached skill level 7 in Bows
   587 | D:1      | Reached XP level 4. HP: 48/48 MP: 5/5
  1190 | D:2      | Noticed a water moccasin
  1193 | D:2      | your +2 dagger of protection protects you from harm!
  1201 | D:2      | Killed a water moccasin
  1201 | D:2      | Reached skill level 9 in Bows
  1201 | D:2      | Gained mutation: You can fly continuously. Your speed and
                  | evasion are boosted while flying. [Tengu growth]
  1201 | D:2      | Reached XP level 5. HP: 13/56 MP: 6/6
  1607 | D:2      | Found an ancient bone altar of Kikubaaqudgha.
  1621 | D:2      | Found a hide-covered altar of Uskayaw.
  1621 | D:2      | Found an iron altar of Okawaru.
  1621 | D:2      | Found a radiant altar of Vehumet.
  1674 | D:2      | Became a worshipper of Warmaster Okawaru
  1725 | D:2      | Reached XP level 6. HP: 63/64 MP: 7/7
  1806 | D:2      | Reached skill level 10 in Bows
  2128 | D:2      | Noticed a water moccasin
  2137 | D:2      | your +2 dagger of protection protects you from harm!
  2145 | D:2      | Slain by a water moccasin

Illustrated notes

Levels and vault maps discovered:
D:1:      roderic_crop_circles_arrival_small, layout_loops_ring, first_ration
D:2:      layout_sewer, minitemple

Skill      XL: |  1  2  3  4  5  6 |
---------------+-------------------+-----
Bows           | 5 6 7 9 10 | 10.7
Fighting       | |  2.0
Dodging        | |  2.1
Stealth        | |  1.0

Action                   |  1- 3 |  4- 6 || total
-------------------------+-------+-------++-------
Melee: Dagger            |       |    64 ||    64
       Unarmed           |       |     7 ||     7
       Kick              |       |    19 ||    19
       Tailslap          |       |    12 ||    12
       Short sword       |       |    48 ||    48
       Trident           |       |     5 ||     5
 Fire: Shortbow          |    69 |    39 ||   108
 Abil: Fly               |       |     1 ||     1
  Use: Potion            |       |     1 ||     1
  Eat: Chunk             |       |     2 ||     2
       Ration            |       |     2 ||     2
Armor: Leather armour    |     8 |    46 ||    54
Dodge: Dodged            |     6 |    26 ||    32
